 Dungeon Crawl Stone Soup version 0.22.1-2-g9c5b331 (webtiles) character file.

245 WarriorsX the Chopper (level 6, 0/48 HPs)
             Began as a Human Berserker on Dec 15, 2018.
             Was a Believer of Trog.
             Slain by an adder (3 damage)
             ... in a sewer.
             The game lasted 00:07:45 (3100 turns).

WarriorsX the Chopper (Human Berserker)             Turns: 3100, Time: 00:07:47

Health: 0/48       AC:  2    Str: 19    XL:     6   Next: 32%
Magic:  6/6        EV: 10    Int:  7    God:    Trog [**....]
Gold:   166        SH:  0    Dex: 13    Spells: 5/5 levels left

rFire    . . .     SeeInvis .   i - +0 spear
rCold    . . .     Gourm    .   (no shield)
rNeg     . . .     Faith    .   b - +0 animal skin
rPois    .         Spirit   .   (no helmet)
rElec    .         Reflect  .   (no cloak)
rCorr    .         Harm     .   (no gloves)
MR       ++...                  (no boots)
Stlth    +.........             (no amulet)
HPRegen  1.16/turn              (no ring)
MPRegen  0.10/turn              (no ring)

@: lethally poisoned (0 -> -1), starving, regenerating, constricted
A: no striking features
a: Berserk, Trog's Hand, Renounce Religion


You were in a sewer.
You worshipped Trog.
Trog was pleased with you.
You were starving.

You visited 1 branch of the dungeon, and saw 3 of its levels.
You also visited: Sewer.

You collected 166 gold pieces.

Inventory:

Hand Weapons
 a - a +0 hand axe
 i - a +0 spear (weapon)
Armour
 b - a +0 animal skin (worn)
Jewellery
 g - a +6 ring of evasion {unknown}
Scrolls
 e - 2 scrolls of identify
 h - a scroll of enchant armour {unknown}
 j - 2 scrolls of magic mapping
 l - a scroll of random uselessness {unknown}
 m - a scroll of amnesia {unknown}
 n - a scroll of teleportation {unknown}
 p - a scroll of immolation {unknown}
 q - a scroll of blinking {unknown}
Potions
 d - a potion of lignification
 f - a potion of heal wounds {unknown}
 k - 2 potions of curing {unknown}
 o - a potion of resistance {unknown}
 r - a potion of magic {unknown}
 s - a potion of might {unknown}
Comestibles
 c - a ration


   Skills:
 + Level 4.1 Fighting
 + Level 4.4 Axes
 * Level 3.0 Armour
 * Level 3.6 Dodging


You had 5 spell levels left.
You didn't know any spells.
Your spell library was empty.

Dungeon Overview and Level Annotations

Branches:
Dungeon (3/15)

Altars:


Message History

The ball python constricts you. The ball python closely misses you.
The ball python bites you.
* * * LOW HITPOINT WARNING * * *
The adder closely misses you.
You barely miss the adder.
The adder is severely wounded.
You feel sick. The ball python barely misses you.
The ball python constricts you.
The ball python bites you but does no damage.
The adder bites you.
* * * LOW HITPOINT WARNING * * *
The rat twitches its whiskers.
The ball python barely misses you.
You barely miss the adder.
The adder is severely wounded.
You feel sick. The ball python bites you.
* * * LOW HITPOINT WARNING * * *
x2 The ball python constricts you.
The ball python closely misses you. The adder bites you.
You die...

. .. .S. #..S #....
###################
#.....#≈≈≈rS#≈#≈≈≈≈≈≈≈..###
#....≈≈≈r≈S@.≈≈≈≈≈≈≈≈≈...##
#....≈≈≈≈≈SS(.≈≈≈≈≈≈≈≈....##
#.....≈≈≈≈≈.).≈≈≈≈≈≈≈≈.....#
##...≈≈≈≈≈≈≈≈≈≈≈≈≈≈≈≈≈.....#
###.#≈≈≈≈≈≈.#≈≈≈≈≈≈≈#.....#
####################....#
####...# #..#.... #..'....


You could see an adder, 3 ball pythons and 2 rats.

Vanquished Creatures
  Purgy (D:3)
  4 adders
  5 river rats (Sewer)
  2 worms
  2 dart slugs (D:1)
  5 leopard geckos
  3 ball pythons (Sewer)
  A giant cockroach (D:1)
  6 goblins
  5 hobgoblins (D:1)
  4 jackals (D:3)
  6 bats (D:1)
  3 frilled lizards
  2 kobolds
  25 rats
74 creatures vanquished.

Notes
Turn   | Place    | Note
-------+----------+-------------------------------------------
     0 | D:1      | WarriorsX the Human Berserker began the quest for the Orb.
     0 | D:1      | Reached XP level 1. HP: 18/18 MP: 1/1
   134 | D:1      | Reached XP level 2. HP: 18/24 MP: 2/2
   284 | D:1      | Reached XP level 3. HP: 20/29 MP: 3/3
   455 | D:1      | Reached ** piety under Trog
  1958 | D:2      | Reached XP level 4. HP: 10/35 MP: 4/4
  2259 | D:3      | Noticed Purgy
  2267 | D:3      | Killed Purgy
  2267 | D:3      | Reached XP level 5. HP: 42/42 MP: 5/5
  2440 | D:3      | Found a glowing drain.
  2477 | Sewer    | Entered a sewer
  2762 | Sewer    | Reached XP level 6. HP: 20/48 MP: 6/6
  3100 | Sewer    | Slain by an adder

Skill      XL: |  1  2  3  4  5  6 |
---------------+-------------------+-----
Axes           | 4 |  4.4
Dodging        | 3 |  3.6
Fighting       | 4 |  4.1
Armour         | 3 |  3.0

Action                   |  1- 3 |  4- 6 || total
-------------------------+-------+-------++-------
Melee: Hand axe          |    72 |       ||    72
       Spear             |    52 |   161 ||   213
Invok: Trog's Hand       |     1 |     8 ||     9
       Berserk           |       |     4 ||     4
  Use: Scroll            |       |     4 ||     4
 Stab: Sleeping          |     2 |       ||     2
  Eat: Chunk             |     2 |     6 ||     8
       Ration            |       |     1 ||     1
Armor: Animal skin       |     9 |    22 ||    31
Dodge: Dodged            |    59 |   142 ||   201
